 Dungeon Crawl Stone Soup version 0.28-a0-1447-ga5a8893891 (webtiles) character file.

Game seed: 13224491764688917267

8 HallandMoats the Skirmisher (level 2, 0/24 HPs)
             Began as a Demonspawn Fighter on Jan 11, 2022.
             Was a Follower of Sif Muna.
             Slain by a rat (2 damage)
             ... on level 1 of the Dungeon.
             The game lasted 00:00:31 (576 turns).

HallandMoats the Skirmisher (Demonspawn Fighter)     Turns: 576, Time: 00:00:32

Health: 0/24       AC:  6    Str: 16    XL:     2   Next: 0%
Magic:  2/2        EV:  9    Int:  9    God:    Sif Muna [*.....]
Gold:   27         SH:  4    Dex: 12    Spells: 1/1 levels left

rFire   . . .      SeeInvis .   a - +0 war axe
rCold   . . .      Faith    .   c - +0 buckler
rNeg    . . .      Spirit   .   b - +0 scale mail
rPois   .          Reflect  .   (no helmet)
rElec   .          Harm     .   (no cloak)
rCorr   .          Rampage  .   (no gloves)
Will    .....                   (no boots)
Stlth   ..........              (no amulet)
HPRegen 0.08/turn               (no ring)
MPRegen 0.08/turn               (no ring)

@: no status effects
A: foul stench 1
a: Renounce Religion, Channel Magic


You were on level 1 of the Dungeon.
You worshipped Sif Muna.
Sif Muna was aware of your devotion.
You visited 1 branch of the dungeon, and saw 1 of its levels.

You collected 27 gold pieces.

Inventory:

Hand Weapons
 a - a +0 war axe (weapon)
Armour
 b - a +0 scale mail (worn)
 c - a +0 buckler (worn)
Scrolls
 e - 3 scrolls of identify {unknown}
 h - a scroll of vulnerability {unknown}
 i - a scroll of blinking {unknown}
Potions
 d - a potion of might
 f - a potion of degeneration {unknown}
 g - a potion of brilliance {unknown}


   Skills:
 * Level 3.1 Fighting
 * Level 2.0 Axes
 + Level 2.7 Armour
 + Level 0.3 Dodging
 + Level 2.7 Shields


You had one spell level left.
You didn't know any spells.
Your spell library was empty.

Dungeon Overview and Level Annotations

Branches:
Dungeon (1/15)

Altars:
Sif Muna


Innate Abilities, Weirdness & Mutations

You may rarely emit foul miasma when damaged in melee.


Message History

A rat comes into view.
The rat bites you but does no damage.
The rat twitches its whiskers.
The rat bites you.
You open the door.
A rat comes into view.
The rat bites you. The rat barely misses you. The rat barely misses you.
You open the door. The rat barely misses you. You block the rat's attack.
The rat barely misses you.
Found 12 gold pieces.
Unknown command.
You open the door. The rat bites you.
Found 15 gold pieces.
The rat bites you. The rat closely misses you.
The rat twitches its whiskers.
You block the rat's attack. You block the rat's attack. The rat bites you.
The rat bites you but does no damage. The rat barely misses you.
The rat bites you but does no damage. The rat completely misses you.
The rat barely misses you. The rat bites you but does no damage.
The rat closely misses you. The rat completely misses you.
You block the rat's attack. The rat bites you. You block the rat's attack.
The rat closely misses you. The rat bites you but does no damage.
You block the rat's attack. The rat bites you. The rat barely misses you.
The rat bites you but does no damage. x2
The rat misses you. The rat bites you.
* * * LOW HITPOINT WARNING * * *
The rat bites you but does no damage. The rat bites you but does no damage.
The rat bites you.
* * * LOW HITPOINT WARNING * * *
The rat bites you.
* * * LOW HITPOINT WARNING * * *
The rat misses you. The rat bites you but does no damage. The rat bites you.
* * * LOW HITPOINT WARNING * * *
The rat bites you but does no damage. x2; The rat bites you.
You die...

### ### #.. ..#
########### #.# #.#
#.........# ########## #.#
#.# #.#######.# #.......##
#.####.###.#######.#
#.#####.##
#.##.............#.#####.#
#.##
#.##.#.###.##............#
#.## #.##.#.#
#.##......#####.# #.##
#......# #.####.@r.#
#.#####.## ####.###
#......rr.# #.......##
#.### ##........#
####...### #...#
#..#####.# ###.### ###.#
##. #$'.## ######.##. #.#
# ###..# #......... #.#
#$'..# #.####..#. #.#
###..## #.#.##..## #.....#
#.'...###....#..##


You could see 3 rats.

Vanquished Creatures
  An endoplasm (D:1)
  2 goblins (D:1)
  A quokka (D:1)
  A ball python (D:1)
  A frilled lizard (D:1)
  2 rats (D:1)
8 creatures vanquished.

Notes
Turn   | Place    | Note
-------+----------+-------------------------------------------
     0 | D:1      | HallandMoats the Demonspawn Fighter began the quest for the
                  | Orb.
     0 | D:1      | Reached XP level 1. HP: 18/18 MP: 1/1
    29 | D:1      | Found a faded altar of an unknown god.
   462 | D:1      | Gained mutation: You may rarely emit foul miasma when
                  | damaged in melee. [demonic ancestry]
   462 | D:1      | Reached XP level 2. HP: 24/24 MP: 2/2
   507 | D:1      | Prayed at the altar of an unknown god.
   507 | D:1      | Became a worshipper of Sif Muna the Loreminder
   507 | D:1      | Reached * piety under Sif Muna
   576 | D:1      | Slain by a rat

Illustrated notes

Levels and vault maps discovered:
D:1:      psy_arrival_radial01, layout_loops_corners,
          hellmonk_ecumenical_altar_lost_god, minmay_rat_gold_closets

Skill      XL: |  1 |
---------------+----+-----
Axes           | 2 |  2.0
Fighting       | |  3.1
Armour         | |  2.7
Dodging        | |  0.3
Shields        | |  2.7

Action                   || total
-------------------------++-------
Melee: War axe           ||    13
Armor: Scale mail        ||    16
Dodge: Dodged            ||    19
Block: Buckler           ||    10

Table legend: (Time is in decaauts)
 A = Elapsed time spent in this place.
 B = Non-inter-level travel time spent in this place.
 C = Inter-level travel time spent in this place.
 D = Time resting spent in this place.
 E = Time spent auto-exploring this place.
 F = Levels seen in this place.
 G = Mean time per level.
                   A        B        C        D        E       F      G
               +--------+--------+--------+--------+--------+-----+--------+
         Total |    582 |    537 |     45 |      0 |    455 |   1 |  582.0 |
       Dungeon |    582 |    537 |     45 |      0 |    455 |   1 |  582.0 |
               +--------+--------+--------+--------+--------+-----+--------+

Top non-repeatable levels by time:
     D:1: 582 daAuts
